 Dungeon Crawl Stone Soup version 0.24-a0-809-g71cb82dfb8 (webtiles) character file.

Game seed: 819081840538250886, levelgen mode: deterministic

88 HumanIsDead the Grave Robber (level 4, -6/33 HPs)
             Began as a Human Necromancer on Oct 11, 2019.
             Killed from afar by an orc wizard (9 damage)
             ... with a magic dart
             ... on level 3 of the Dungeon.
             The game lasted 00:09:00 (4067 turns).

HumanIsDead the Grave Robber (Human Necromancer)    Turns: 4067, Time: 00:09:00

Health: -6/33      AC:  3    Str:  8    XL:     4   Next: 81%
Magic:  0/7        EV: 13    Int: 17    God:
Gold:   97         SH:  0    Dex: 13    Spells: 4/8 levels left

rFire    . . .     SeeInvis .   p - +3 short sword
rCold    . . .     Gourm    .   (no shield)
rNeg     . . .     Faith    .   a - +1 robe
rPois    .         Spirit   .   (no helmet)
rElec    .         Reflect  .   (no cloak)
rCorr    .         Harm     .   (no gloves)
MR       .....                  (no boots)
Stlth    ++........             (no amulet)
HPRegen  0.11/turn              (no ring)
MPRegen  0.10/turn              (no ring)

@: no status effects
A: no striking features
a: no special abilities


You were on level 3 of the Dungeon.
You were hungry.

You visited 1 branch of the dungeon, and saw 3 of its levels.

You collected 97 gold pieces.

Inventory:

Hand Weapons
 d - a +0 hunting sling
 m - a +0 dagger
 p - a +3 short sword (weapon)
Missiles
 b - 20 sling bullets
 k - 24 stones
 o - 21 poisoned darts (quivered)
Armour
 a - a +1 robe (worn)
 i - a -2 shield
Scrolls
 f - 2 scrolls of identify {unknown}
 g - 3 scrolls of enchant armour
 h - a scroll of fear {unknown}
 l - a scroll of amnesia {unknown}
Potions
 j - a potion of cancellation
 n - a potion of brilliance {unknown}
Comestibles
 c - 2 rations
 q - a chunk of flesh


   Skills:
 + Level 2.0 Fighting
 + Level 3.1 Dodging
 - Level 2.0 Stealth
 + Level 1.1 Shields
 + Level 2.6 Spellcasting
 - Level 4.0 Necromancy


You had 4 spell levels left.
You knew the following spells:

 Your Spells              Type           Power        Failure   Level  Hunger
a - Pain                  Necr           ###.         3%          1    #......
b - Vampiric Draining     Necr           ###.......   11%         3    ###....

Your spell library contained the following spells:

 Spells                   Type           Power        Failure   Level  Hunger
 Animate Skeleton         Necr           N/A          3%          1    #......
 Regeneration             Chrm/Necr      #.........   24%         3    ###....
 Animate Dead             Necr           N/A          34%         4    #####..


Dungeon Overview and Level Annotations

Branches:
Dungeon (3/15)

Altars:


Message History

The orc hits you.
* * * LOW HITPOINT WARNING * * *
The orc closely misses you.
Unknown command.
You closely miss the orc wizard.
The orc wizard is almost dead.
The orc wizard hits you with a +0 dagger.
* * * LOW HITPOINT WARNING * * *
The orc misses you.
An orc comes into view.
It is wielding a +1 war axe of freezing.
The orc closely misses you. The orc wizard barely misses you.
The orc wizard hits you with a +0 dagger.
* * * LOW HITPOINT WARNING * * *
Unknown command.
It was a potion of cancellation.
You feel magically purged. The orc closely misses you.
The orc wizard gestures at you while chanting.
The magic dart hits you!
You die...

.# ###รท<...)## .#
#..####[# <# #.##
#.# .# ###.# #.#
##.###...# #.#
#..##..### #.#
####+######.###.##
#.#
.o..o....o!....(#
..# $.#$.oo@.#...#
#)###.#..#...# ...
#.....##......
#.#.# #.#.#.#
#.#### # #.
#.#.#... ..# #.
....##....... .
#...## .##..### .
...# .# .# ..# ##
#


You could see an orc wizard and 3 orcs.

Vanquished Creatures
  An adder (D:2)
  A worm (D:2)
  A dart slug (D:3)
  4 leopard geckos
  An orc (D:3)
  3 giant cockroaches
  13 goblins
  12 hobgoblins
  3 jackals (D:1)
  A quokka (D:2)
  2 ball pythons
  7 bats
  3 frilled lizards
  4 kobolds
  4 rats (D:1)
60 creatures vanquished.

Notes
Turn   | Place    | Note
-------+----------+-------------------------------------------
     0 | D:1      | HumanIsDead the Human Necromancer began the quest for the
                  | Orb.
     0 | D:1      | Reached XP level 1. HP: 13/13 MP: 3/3
   131 | D:1      | Reached skill level 1 in Fighting
   131 | D:1      | Reached XP level 2. HP: 16/21 MP: 1/5
   786 | D:1      | Reached XP level 3. HP: 15/26 MP: 0/6
  2305 | D:2      | Reached XP level 4. HP: 8/33 MP: 0/7
  2313 | D:2      | Learned a level 3 spell: Vampiric Draining
  3335 | D:2      | Reached skill level 1 in Shields
  4067 | D:3      | Killed from afar by an orc wizard

Levels and vault maps discovered:
D:1:      nzn_arrival_depleted_hourglass, layout_basic
D:2:      cheibrodos_greedy_goblins, layout_basic
D:3:      layout_rooms, first_ration, minmay_fountain_box

Skill      XL: |  1  2  3  4 |
---------------+-------------+-----
Fighting       | 1 2 |  2.0
Dodging        | 3 |  3.1
Shields        | 1 |  1.1
Stealth        | |  2.0
Spellcasting   | |  2.6
Necromancy     | |  4.0

Action                   |  1- 3 |  4- 6 || total
-------------------------+-------+-------++-------
Melee: Unarmed           |    25 |       ||    25
       Dagger            |    19 |    23 ||    42
       Short sword       |       |     3 ||     3
 Cast: Pain              |    88 |    54 ||   142
       Vampiric Draining |       |     2 ||     2
  Use: Scroll            |     1 |     2 ||     3
       Potion            |       |     1 ||     1
  Eat: Chunk             |     5 |     6 ||    11
Armor: Robe              |    25 |     6 ||    31
Dodge: Dodged            |    83 |    32 ||   115

Table legend:
 A = Non-vault XP
 B = Vault XP
 C = Vault XP percentage of total XP
 D = Non-vault monster count
 E = Vault monster count
 F = Vault count percentage of total count
                 A         B        C        D         E       F
            +---------+---------+-------+---------+---------+-------
      Total |     109 |      17 |  13.5 |      51 |       9 |  15.0
            +---------+---------+-------+---------+---------+-------
        D:1 |      34 |       0 |   0.0 |      21 |       0 |   0.0
        D:2 |      65 |      17 |  20.7 |      26 |       9 |  25.7
        D:3 |      10 |       0 |   0.0 |       4 |       0 |   0.0
            +---------+---------+-------+---------+---------+-------
